 Dungeon Crawl Stone Soup version 0.25.1-2-g60ff931df9 (webtiles) character file.

Game seed: 17033862642126446403

189 Elvor the Cudgeler (level 5, -5/33 HPs)
             Began as a Gargoyle Fighter on Sept 23, 2020.
             Killed by divine providence
             ... invoked by an orc priest
              (11 damage)
             ... on level 3 of the Dungeon.
             The game lasted 00:13:36 (1588 turns).

Elvor the Cudgeler (Gargoyle Fighter)               Turns: 1588, Time: 00:13:37

Health: -5/33      AC: 13    Str: 20    XL:     5   Next: 68%
Magic:  5/5        EV:  7    Int:  9    God:
Gold:   107        SH:  9    Dex:  9    Spells: 4/4 levels left

rFire    . . .     SeeInvis .   a - +0 flail
rCold    . . .     Gourm    .   c - +0 kite shield
rNeg     + . .     Faith    .   b - +0 scale mail
rPois    ∞         Spirit   .   w - +0 helmet
rElec    +         Reflect  .   (no cloak)
rCorr    .         Harm     .   r - +0 pair of gloves (curse)
MR       .....                  (no boots)
Stlth    ..........             (no amulet)
HPRegen  0.11/turn              (no ring)
MPRegen  0.09/turn              (no ring)

@: no status effects
A: negative energy resistance 1, electricity resistance, unbreathing,
petrification resistance, rot immunity, AC +4
a: no special abilities


You were on level 3 of the Dungeon.
You were not hungry.

You visited 1 branch of the dungeon, and saw 3 of its levels.

You collected 107 gold pieces.

Inventory:

Hand Weapons
 a - a +0 flail (weapon)
 o - a cursed -1 hunting sling
Missiles
 h - 8 poisoned darts (quivered)
 t - 4 boomerangs
Armour
 b - a +0 scale mail (worn)
 c - a +0 kite shield (worn)
 r - a cursed +0 pair of gloves (worn)
 w - a +0 helmet (worn)
Scrolls
 e - a scroll of enchant weapon {unknown}
 g - 3 scrolls of identify {unknown}
 j - 2 scrolls of random uselessness {unknown}
 k - a scroll of fear {unknown}
 p - a scroll of teleportation {unknown}
 s - a scroll of remove curse {unknown}
Potions
 d - a potion of might
 l - 2 potions of flight {unknown}
 m - a potion of curing {unknown}
 n - a potion of brilliance {unknown}
 q - a potion of mutation {unknown}
 u - 2 potions of heal wounds {unknown}
 v - a potion of invisibility {unknown}
Comestibles
 f - 7 rations
 i - a chunk of flesh


   Skills:
 + Level 3.6 Fighting
 * Level 4.7 Maces & Flails
 + Level 0.7 Throwing
 + Level 3.7 Armour
 + Level 0.3 Dodging
 + Level 3.8 Shields


You had 4 spell levels left.
You didn't know any spells.
Your spell library was empty.

Dungeon Overview and Level Annotations

Branches:
Dungeon (3/15)

Altars:

Annotations:
D:3 1 runed translucent door


Innate Abilities, Weirdness & Mutations

You are resistant to torment.
Your stone body is resilient. (AC +4)
You are immune to poison.
You resist negative energy. (rN+)
You are resistant to electric shocks. (rElec)
You can survive without breathing.
You are immune to petrification.
You are immune to rotting.


Message History

You kill the orc!
You hit the orc priest.
The orc priest is lightly wounded.
The orc priest closely misses you. The orc priest barely misses you.
You closely miss the orc priest.
The orc priest is lightly wounded.
You block the orc priest's attack.
You hit the orc priest but do no damage.
The orc priest is lightly wounded.
You block the orc priest's attack.
You closely miss the orc priest.
The orc priest is lightly wounded.
The orc priest invokes the aid of Beogh against you.
Pain shoots through your body!
* * * LOW HITPOINT WARNING * * *
You hit the orc priest.
The orc priest is heavily wounded.
The orc priest invokes the aid of Beogh against you.
Beogh smites you!
You die...

#.....# #######
#.....# ###'###
#.# #.# #.# #.#
#.#############
#....[.@oo(..((
###############


You could see an orc priest and an orc.

Vanquished Creatures
  A gnoll shaman (D:3)
  An orc wizard (D:3)
  4 gnolls (D:3)
  2 adders
  2 oozes (D:3)
  3 worms
  2 dart slugs (D:1)
  5 orcs (D:3)
  7 giant cockroaches
  5 goblins
  3 hobgoblins
  4 kobolds
  A quokka (D:2)
  3 ball pythons
  3 bats
  6 frilled lizards
  7 rats
59 creatures vanquished.

Notes
Turn   | Place    | Note
-------+----------+-------------------------------------------
     0 | D:1      | Elvor the Gargoyle Fighter began the quest for the Orb.
     0 | D:1      | Reached XP level 1. HP: 14/14 MP: 1/1
   119 | D:1      | Reached XP level 2. HP: 13/19 MP: 2/2
   344 | D:1      | Reached XP level 3. HP: 23/23 MP: 3/3
   694 | D:2      | Reached skill level 3 in Maces & Flails
  1149 | D:3      | Reached XP level 4. HP: 28/28 MP: 4/4
  1204 | D:3      | Reached skill level 4 in Maces & Flails
  1204 | D:3      | Reached XP level 5. HP: 11/32 MP: 5/5
  1495 | D:3      | Found a runed translucent gate.
  1588 | D:3      | Killed from afar by an orc priest

Illustrated notes

Levels and vault maps discovered:
D:1:      minmay_arrival_three_doors, layout_rooms
D:2:      layout_basic, first_ration, dk_vineyard_3
D:3:      layout_basic, gammafunk_ghost_nasty_kobolds

Skill      XL: |  1  2  3  4 |
---------------+-------------+-----
Maces & Flails | 3 4 |  4.7
Fighting       | |  3.6
Throwing       | |  0.7
Armour         | |  3.7
Dodging        | |  0.3
Shields        | |  3.8

Action                   |  1- 3 |  4- 6 || total
-------------------------+-------+-------++-------
Melee: Flail             |   137 |   108 ||   245
Throw: Dart              |     3 |    17 ||    20
  Eat: Chunk             |       |     3 ||     3
Armor: Scale mail        |    53 |    75 ||   128
Dodge: Dodged            |    39 |    31 ||    70
Block: Kite shield       |    66 |    46 ||   112
